 Seeded DCSS version 0.29-a0-876-gfc89b1a5bd (webtiles) character file.

Game seed: 8897551386731462229 (custom seed)

105 wilfster70 the Trooper (level 4, -2/30 HPs)
             Began as a Gargoyle Fighter on July 19, 2022.
             Slain by a gnoll
             ... wielding a +0 flail
              (9 damage)
             ... on level 3 of the Dungeon.
             The game lasted 00:05:18 (2298 turns).

wilfster70 the Trooper (Gargoyle Fighter)           Turns: 2298, Time: 00:05:19

Health: -2/30      AC: 16    Str: 21    XL:     4   Next: 81%
Magic:  4/4        EV:  5    Int:  9    God:
Gold:   923        SH:  4    Dex:  9    Spells: 3/3 levels left

rFire   . . .      SeeInvis .   a - +0 war axe
rCold   . . .      Faith    .   c - +0 buckler
rNeg    + . .      Spirit   .   h - +0 plate armour
rPois   ∞          Reflect  .   (no helmet)
rElec   +          Harm     .   (no cloak)
rCorr   .          Rampage  .   g - +0 pair of gloves
Will    .....                   (no boots)
Stlth   ..........              (no amulet)
HPRegen 0.10/turn               (no ring)
MPRegen 0.09/turn               (no ring)

@: studying Fighting
A: sickness immunity, AC +3, negative energy resistance 1, electricity
resistance, torment resistance 1, petrification resistance
a: no special abilities


You were on level 3 of the Dungeon.
You visited 1 branch of the dungeon, and saw 3 of its levels.

You collected 923 gold pieces.

Inventory:

Hand Weapons
 a - a +0 war axe (weapon)
Missiles
 f - 2 javelins (quivered)
Armour
 c - a +0 buckler (worn)
 g - a +0 pair of gloves (worn)
 h - a +0 plate armour (worn)
Jewellery
 n - a +4 ring of protection
 q - an amulet of the acrobat
Scrolls
 b - 2 scrolls of noise {unknown}
 i - a scroll of magic mapping {unknown}
 j - 2 scrolls of poison
 k - 2 scrolls of amnesia {unknown}
 l - a scroll of enchant armour {unknown}
 m - a scroll of blinking {unknown}
 o - 2 scrolls of teleportation {unknown}
 p - a scroll of enchant weapon {unknown}
 r - 2 scrolls of identify
 s - a scroll of vulnerability {unknown}
Potions
 d - a potion of might
 e - a potion of curing


   Skills:
 + Level 4.9 Fighting
 * Level 3.7 Axes
 - Level 3.2 Armour
 - Level 3.2 Shields


You had 3 spell levels left.
You didn't know any spells.
Your spell library contained the following spells:

 Spells                   Type           Power      Damage    Failure   Level
 Apportation              Tloc           0%         N/A       100%        1
 Necrotise                Necr           0%         1d4       100%        1
 Summon Small Mammal      Summ           0%         N/A       100%        1
 Ensorcelled Hibernation  Hex/Ice        0%         N/A       100%        2
 Passwall                 Tmut/Erth      0%         N/A       100%        2
 Swiftness                Air            0%         N/A       100%        3


Dungeon Overview and Level Annotations

Branches:
Dungeon (3/15)

Altars:


Innate Abilities, Weirdness & Mutations

You are immune to sickness and miasma.
Your stone body is resilient. (AC +3)
You are immune to poison.
You resist negative energy. (rN+)
You are resistant to electric shocks. (rElec)
You are resistant to unholy torment.
You are immune to petrification.


Message History

Found 3 stones.
The gnoll barely misses you. The gnoll hits you but does no damage.
You block the gnoll's attack.
You barely miss the gnoll.
A gnoll comes into view.
It is wielding a +1 halberd of protection.
The gnoll hits you with a +2 halberd of venom.
The gnoll shouts!
You hit the gnoll.
The gnoll is moderately wounded.
The gnoll hits you with a +2 halberd of venom.
You barely miss the gnoll.
The gnoll is moderately wounded.
The gnoll hits you but does no damage.
You hit the gnoll.
The gnoll is moderately wounded.
The gnoll hits you from afar with a +2 halberd of venom.
The gnoll hits you but does no damage.
You barely miss the gnoll.
The gnoll is moderately wounded.
The gnoll hits you from afar with a +2 halberd of venom!
* * * LOW HITPOINT WARNING * * *
You block the gnoll's attack. The gnoll attacks as you move away!
You block the gnoll's attack. The gnoll attacks as you move away!
The gnoll hits you with a +0 flail.
* * * LOW HITPOINT WARNING * * *
The gnoll attacks as you move away! The gnoll barely misses you.
The gnoll attacks as you move away! You block the gnoll's attack.
You feel better. The gnoll barely misses you.
The gnoll hits you but does no damage. The gnoll attacks as you move away!
You block the gnoll's attack. The gnoll attacks as you move away!
The gnoll hits you but does no damage. The gnoll attacks as you move away!
The gnoll barely misses you. The gnoll attacks as you move away!
The gnoll hits you but does no damage. The gnoll attacks as you move away!
The gnoll hits you with a +0 flail.
* * * LOW HITPOINT WARNING * * *
Things that are here:
a +0 whip; a kobold corpse The gnoll attacks as you move away!
You block the gnoll's attack. The gnoll attacks as you move away!
The gnoll hits you with a +0 flail!
You die...

.# #.####.......#.##.#
.# ########...#.# .#
#######.#.#..# .#
.............#
.######..#
######.#.#.##
.......... ..##...##
.........# #<###g##
########.# #.# #.# #>#
#@# #g# #.# #g# #.#
########.#######.###.#
....)...........#g)g.#
########.#######.#####
#.# #.# #.# #.#
#>#######.#
#.........#


You could see 2 gnolls.

Vanquished Creatures
  5 adders (D:2)
  A worm (D:2)
  A dart slug (D:1)
  2 orcs (D:3)
  4 bats
  6 endoplasms
  2 giant cockroaches (D:2)
  2 goblins (D:2)
  5 hobgoblins
  4 jackals (D:1)
  7 kobolds
  4 ball pythons
  6 frilled lizards
49 creatures vanquished.

Vanquished Creatures (others)
  2 fungi (D:2)
  A plant (D:2)
3 creatures vanquished.

Grand Total: 52 creatures vanquished

Notes
Turn   | Place    | Note
-------+----------+-------------------------------------------
     0 | D:1      | wilfster70 the Gargoyle Fighter began the quest for the
                  | Orb.
     0 | D:1      | Reached XP level 1. HP: 14/14 MP: 1/1
   218 | D:1      | Reached XP level 2. HP: 19/19 MP: 2/2
   361 | D:1      | Identified a scroll of acquirement
   361 | D:1      | Acquired a manual of Fighting
  1045 | D:1      | Acquired 728 gold pieces
  1095 | D:2      | Reached XP level 3. HP: 23/24 MP: 3/3
  1173 | D:2      | Reached skill level 4 in Fighting
  1301 | D:2      | Reached XP level 4. HP: 27/30 MP: 4/4
  1557 | D:2      | Found a faded altar of an unknown god.
  2298 | D:3      | Slain by a gnoll

Illustrated notes

Levels and vault maps discovered:
D:1:      lemuel_arrival_behind_the_door_large, layout_basic, minivault_24,
          dreamdust_wishing_well, moated_statue, minmay_hedge_maze
D:2:      layout_basic, dreamdust_ecumenical_altar_grove, eino_tiny_chamber,
          minmay_joined_circles
D:3:      layout_loops_ring, bloody_trog, mainiacjoe_overflow_tiny_flanked,
          minmay_fractal_squares_gapless_5

Skill      XL: |  1  2  3 |
---------------+----------+-----
Axes           | 2 3 |  3.7
Fighting       | 4 |  4.9
Armour         | |  3.2
Shields        | |  3.2

Action                   |  1- 3 |  4- 6 || total
-------------------------+-------+-------++-------
Melee: War axe           |    77 |    93 ||   170
  Use: Scroll            |     2 |     2 ||     4
       Potion            |       |     1 ||     1
Armor: Scale mail        |    16 |       ||    16
       Plate armour      |    47 |    69 ||   116
Dodge: Dodged            |    30 |    34 ||    64
Block: Buckler           |    13 |    24 ||    37

Table legend: (Time is in decaauts)
 A = Elapsed time spent in this place.
 B = Non-inter-level travel time spent in this place.
 C = Inter-level travel time spent in this place.
 D = Time resting spent in this place.
 E = Time spent auto-exploring this place.
 F = Levels seen in this place.
 G = Mean time per level.
                   A        B        C        D        E       F      G
               +--------+--------+--------+--------+--------+-----+--------+
         Total |   2364 |   2315 |     49 |    660 |    969 |   3 |  788.0 |
       Dungeon |   2364 |   2315 |     49 |    660 |    969 |   3 |  788.0 |
               +--------+--------+--------+--------+--------+-----+--------+

Top non-repeatable levels by time:
     D:1: 1080 daAuts
     D:2: 1076 daAuts
     D:3: 207 daAuts
